 Dungeon Crawl Stone Soup version 0.22-a0-407-gb098539 (webtiles) character file.

480 Firecrotchwizard the Chopper (level 6, 0/56 HPs)
             Began as a Minotaur Monk on May 10, 2018.
             Slain by a gnoll
             ... wielding a +0 flail
              (8 damage)
             ... on level 4 of the Dungeon.
             The game lasted 00:05:09 (3140 turns).

Firecrotchwizard the Chopper (Minotaur Monk)        Turns: 3140, Time: 00:05:09

Health: 0/56       AC:  6    Str: 14    XL:     6   Next: 86%
Magic:  5/5        EV: 11    Int:  7    God:
Gold:   151        SH:  4    Dex: 14    Spells: 5/5 levels left

rFire    + . .     SeeInvis .   a - +0 hand axe
rCold    x . .     Gourm    .   (no shield)
rNeg     . . .     Faith    .   l - +0 scale mail
rPois    .         Spirit   .   (helmet restricted)
rElec    .         Reflect  .   (no cloak)
rCorr    .         Harm     .   (no gloves)
MR       +....                  (no boots)
Stlth    ..........             (no amulet)
HPRegen  0.18/turn              e - ring of fire {rF+, rC-}
MPRegen  0.09/turn              (no ring)

@: no status effects
A: retaliatory headbutt, horns 2, large bone plates 1, magic resistance 1, weak
1, MP-powered wands
a: no special abilities


You were on level 4 of the Dungeon.
You were not hungry.

You visited 1 branch of the dungeon, and saw 4 of its levels.

You collected 151 gold pieces.

Inventory:

Hand Weapons
 a - a +0 hand axe (weapon)
 h - a +3 short sword of electrocution
   (You found it on level 1 of the Dungeon)
Missiles
 k - a throwing net {=f, !d}
Armour
 b - a +0 robe
 l - a +0 scale mail (worn)
   (You found it on level 2 of the Dungeon)
Jewellery
 e - a ring of fire (left hand) {rF+, rC-}
   (You found it on level 3 of the Dungeon)
Scrolls
 d - a scroll of enchant weapon {unknown}
 i - 7 scrolls of identify {unknown}
 m - 2 scrolls of teleportation {unknown}
 n - a scroll of fear {unknown}
 p - a scroll of remove curse {unknown}
Potions
 g - 2 potions of curing
 j - a potion of ambrosia {unknown}
 o - a potion of resistance {unknown}
Comestibles
 c - 7 rations {@e1}
 f - a chunk of flesh {@w0}


   Skills:
 + Level 5.5 Fighting
 * Level 7.2 Axes
 + Level 5.1 Dodging
 - Level 1.5 Stealth


You had 5 spell levels left.
You didn't know any spells.

Dungeon Overview and Level Annotations

Branches:
Dungeon (4/15)
 Temple: D:4-7

Altars:

Annotations:
D:3 1 runed door


Innate Abilities, Weirdness & Mutations

You reflexively headbutt those who attack you in melee.
You have a pair of horns on your head.
You are partially covered in large bone plates. (SH +4)
You are resistant to hostile enchantments. (MR+)
You are weak. (Str -2)
You expend magic power (3 MP) to strengthen your wands.


Message History

You hit the orc priest but do no damage.
You hit the gnoll. You closely miss the orc wizard.
The orc wizard hits you but does no damage.
The gnoll hits you.
The orc priest hits you but does no damage.
You hit the orc priest but do no damage.
You headbutt the orc priest. You hit the gnoll. You hit the orc wizard.
The orc wizard completely misses you. The gnoll hits you.
The orc wizard hits you but does no damage.
The orc priest hits you but does no damage.
You take 6 damage, and have 35/56 hp.
You hit the orc priest but do no damage.
You closely miss the gnoll.
You hit the orc wizard but do no damage.
The orc wizard barely misses you. The gnoll hits you but does no damage.
You hit the orc priest but do no damage.
You hit the gnoll. You hit the gnoll but do no damage. You miss the orc wizard.
The orc wizard hits you but does no damage.
The orc priest mumbles some strange prayers to Beogh against you.
Beogh smites you! The gnoll hits you. The gnoll hits you with a club.
The orc wizard closely misses you.
You take 15 damage, and have 20/56 hp.
MASSIVE DAMAGE!!
You hit the orc priest. You barely miss the gnoll. You hit the gnoll.
You barely miss the orc wizard. The orc priest barely misses you.
The orc wizard points at you and mumbles some strange words.
The magic dart hits you!
* * * LOW HITPOINT WARNING * * *
The gnoll completely misses you. The gnoll misses you.
You take 6 damage, and have 14/56 hp.
You hit the orc priest. Your headbutt misses the orc priest.
You hit the orc wizard. You barely miss the gnoll. You hit the gnoll.
The orc wizard barely misses you. The orc priest hits you with a club.
* * * LOW HITPOINT WARNING * * *
The gnoll hits you.
* * * LOW HITPOINT WARNING * * *
The gnoll barely misses you.
An adder comes into view.
You take 5 damage, and have 9/56 hp.
The adder hisses angrily.
You hit the orc priest.
You kill the orc priest!
Your Axes skill increases to level 7!
Your Dodging skill increases to level 5!
You hit the orc wizard.
You kill the orc wizard!
You closely miss the gnoll. You hit the gnoll but do no damage.
You slash the gnoll!
You kill the gnoll!
You hit the gnoll. You slash the gnoll!
You kill the gnoll!
You hit the gnoll but do no damage. You block the gnoll's attack.
You hit the gnoll. The gnoll closely misses you.
You hit the adder. You hit the gnoll. The adder bites you but does no damage.
The gnoll hits you with a flail.
* * * LOW HITPOINT WARNING * * *
You take 6 damage, and have 4/56 hp.
You barely miss the gnoll. You headbutt the gnoll. You hit the adder.
The adder bites you but does no damage.
It was a potion of curing.
You feel better. The adder bites you.
* * * LOW HITPOINT WARNING * * *
You are poisoned.
The adder poisons you! The gnoll hits you with a flail.
* * * LOW HITPOINT WARNING * * *
The adder bites you.
* * * LOW HITPOINT WARNING * * *
You are more poisoned.
The adder poisons you!
You regained 4 hp, and now have 8/56 hp.
You feel better. The gnoll hits you but does no damage.
The adder barely misses you.
You regained 11 hp, and now have 19/56 hp.
Unknown command.
You hit the adder. You barely miss the gnoll. The adder closely misses you.
The gnoll barely misses you.
Your scale mail prevents you from hitting the adder.
Your headbutt misses the adder. You hit the gnoll.
You block the adder's attack. The gnoll hits you with a flail.
* * * LOW HITPOINT WARNING * * *
You take 6 damage, and have 13/56 hp.
You barely miss the gnoll. You hit the adder but do no damage.
The adder barely misses you.
You closely miss the gnoll.
Your scale mail prevents you from hitting the adder.
The adder bites you.
* * * LOW HITPOINT WARNING * * *
You block the gnoll's attack. The adder closely misses you.
You take 2 damage, and have 11/56 hp.
You hit the gnoll. You hit the adder but do no damage.
The gnoll hits you with a flail.
* * * LOW HITPOINT WARNING * * *
The adder bites you.
* * * LOW HITPOINT WARNING * * *
You take 3 damage, and have 8/56 hp.
You closely miss the adder. You hit the gnoll. The adder completely misses you.
You furiously retaliate!
You headbutt the adder!
You kill the adder!
The gnoll hits you with a flail!
You die...

...# #...# #$..#
# #...#
##.#####...######
#.....>..........
#.....g))........
......)@)........
#.######...####
#..<# #..<#
#.....# #.......#
##.....## ##...##
...>.


You could see a gnoll.

Vanquished Creatures
  Grinder (D:3)
  An orc wizard (D:4)
  An orc priest (D:4)
  Robin (D:3)
  6 gnolls
  6 adders
  A river rat (D:3)
  An ooze (D:3)
  4 worms
  2 dart slugs
  3 leopard geckos
  5 orcs
  2 ball pythons
  3 giant cockroaches
  20 goblins
  5 hobgoblins
  A jackal (D:1)
  10 bats
  2 frilled lizards
  A jackal skeleton (D:4)
  5 kobolds
  6 rats
87 creatures vanquished.

Notes
Turn   | Place    | Note
-------+----------+-------------------------------------------
     0 | D:1      | Firecrotchwizard the Minotaur Monk began the quest for the Orb.
     0 | D:1      | Reached XP level 1. HP: 19/19 MP: 0/0
   113 | D:1      | Reached skill level 4 in Axes
   119 | D:1      | Reached XP level 2. HP: 27/27 MP: 1/1
   683 | D:2      | Reached skill level 4 in Fighting
   743 | D:2      | Reached XP level 3. HP: 28/33 MP: 2/2
  1014 | D:2      | Noticed a phantom
  1598 | D:2      | HP: 6/33 [gnoll/whip (4)]
  1599 | D:2      | Reached skill level 5 in Axes
  1599 | D:2      | Reached XP level 4. HP: 7/40 MP: 3/3
  1600 | D:2      | HP: 2/40 [gnoll (6)]
  1603 | D:2      | Reached skill level 4 in Dodging
  2132 | D:3      | Found a faded altar of an unknown god.
  2171 | D:3      | Noticed Grinder
  2179 | D:3      | Gained mutation: You are resistant to hostile enchantments. (MR+) [potion of mutation]
  2179 | D:3      | Gained mutation: You expend magic power (3 MP) to strengthen your wands. [potion of mutation]
  2179 | D:3      | Gained mutation: You are weak. (Str -2) [potion of mutation]
  2179 | D:3      | Gained mutation: You are partially covered in large bone plates. (SH +4) [potion of mutation]
  2185 | D:3      | HP: 5/41 [Grinder (8)]
  2186 | D:3      | Killed Grinder
  2186 | D:3      | Reached skill level 5 in Fighting
  2186 | D:3      | Reached skill level 6 in Axes
  2186 | D:3      | Reached XP level 5. HP: 3/48 MP: 4/4
  2186 | D:3      | Reached XP level 6. HP: 4/56 MP: 5/5
  2517 | D:3      | Noticed Robin
  2529 | D:3      | Killed Robin
  3073 | D:3      | Found a runed door.
  3125 | D:4      | HP: 14/56 [orc wizard/magic dart (6)]
  3127 | D:4      | Reached skill level 7 in Axes
  3127 | D:4      | Reached skill level 5 in Dodging
  3131 | D:4      | HP: 4/56 [gnoll/flail (6)]
  3136 | D:4      | HP: 13/56 [gnoll/flail (6)]
  3140 | D:4      | Slain by a gnoll

Vault maps used:
D:1:      scummos_arrival_star, minmay_pentomino_s2
D:2:      minmay_cut_off
D:3:      chequers_ecumenical_altar_simple, gup_sewer_entry_bubbles, uniq_robin,
          uniq_grinder, uniq_crazy_yiuf_cottage
D:4:      lightli_temple_of_fire

Skill      XL: |  1  2  3  4  5  6 |
---------------+-------------------+-----
Axes           | 4 5 6 7 |  7.2
Fighting       | 4 5 |  5.5
Dodging        | 4 5 |  5.1
Stealth        | |  1.5

Action                   |  1- 3 |  4- 6 || total
-------------------------+-------+-------++-------
Melee: Hand axe          |    73 |   121 ||   194
       Headbutt          |    12 |    18 ||    30
  Use: Potion            |       |     5 ||     5
 Stab: Sleeping          |     4 |       ||     4
  Eat: Chunk             |     1 |     3 ||     4
       Ration            |       |     1 ||     1
Armor: Robe              |     3 |       ||     3
       Scale mail        |    10 |    40 ||    50
Dodge: Dodged            |    64 |    79 ||   143
Block: Other             |       |    24 ||    24

Table legend:
 A = Spawn XP
 B = Non-spawn XP
 C = Spawn XP percentage of total XP
 D = Spawn monster count
 E = Non-spawn monster count
 F = Spawn count percentage of total count
 G = Total turns spent on level
                    A         B        C        D         E        F      G
               +---------+---------+-------+---------+---------+-------+---------
         Total |       0 |     686 |   0.0 |       0 |      87 |   0.0 |  3140
               +---------+---------+-------+---------+---------+-------+---------
           D:1 |       0 |      31 |   0.0 |       0 |      19 |   0.0 |   926
           D:2 |       0 |     102 |   0.0 |       0 |      22 |   0.0 |  1194
           D:3 |       0 |     402 |   0.0 |       0 |      35 |   0.0 |   985
           D:4 |       0 |     151 |   0.0 |       0 |      11 |   0.0 |    35
               +---------+---------+-------+---------+---------+-------+---------

Vault maps used:
D:1:      scummos_arrival_star, minmay_pentomino_s2
D:2:      minmay_cut_off
D:3:      chequers_ecumenical_altar_simple, gup_sewer_entry_bubbles, uniq_robin,
          uniq_grinder, uniq_crazy_yiuf_cottage
D:4:      lightli_temple_of_fire

Table legend:
 A = Turns spent in this place as a percentage of turns spent in the entire game.
 B = Non-inter-level travel turns spent in this place as a percentage of non-inter-level travel turns spent in the entire game.
 C = Inter-level travel turns spent in this place as a percentage of turns spent in this place.
 D = Turns resting spent in this place as a percentage of non-inter-level travel turns spent in this place.
 E = Turns spent auto-exploring this place as a percentage of non-inter-level travel turns spent in this place.
 F = Non-inter-level travel turns spent in this place divided by the number of levels of this place that you've seen.
                   A       B       C       D       E      F
               +-------+-------+-------+-------+-------+----------------------
         Total | 100.0 | 100.0 |   4.8 |  34.9 |  46.5 | 747.5
       Dungeon | 100.0 | 100.0 |   4.8 |  34.9 |  46.5 | 747.5
               +-------+-------+-------+-------+-------+----------------------

Table legend:
 A = Kills in this place as a percentage of kills in entire the game.
 B = Kills by you in this place as a percentage of kills by you in the entire game.
 C = Kills by friends in this place as a percentage of kills by friends in the entire game.
 D = Other kills in this place as a percentage of other kills in the entire game.
 E = Experience gained in this place as a percentage of experience gained in the entire game.
 F = Experience gained in this place divided by the number of levels of this place that you have seen.
                   A       B       C       D       E      F
               +-------+-------+-------+-------+-------+----------------------
         Total | 100.0 | 100.0 |   N/A |   N/A | 100.0 | 171.5
       Dungeon | 100.0 | 100.0 |   N/A |   N/A | 100.0 | 171.5
               +-------+-------+-------+-------+-------+----------------------
